[ AOE2 MATCH · #482166799 ]
UnrankedMagyars vs Vietnamese
[ REPLAY ANALYSIS · EXTRACTED FROM THE RECORDED GAME ]
Feudal
—
Castle
—
Imperial
—
| APM avg | 37.8 |
| APM peak | 89 |
| eAPM avg | 13.8 |
| Villagers / military | 85 / 75 |
Focus
⚔️ 31.1% · 🌾 68.9%
Knight ×42 · Scout Cavalry ×31 · Spearman ×2
Feudal
10:17
Castle
22:57
Imperial
—
| APM avg | 42.8 |
| APM peak | 76 |
| eAPM avg | 24.4 |
| Villagers / military | 128 / 112 |
Focus
⚔️ 29.6% · 🌾 70.4%
Steppe Lancer ×80 · Scout Cavalry ×32
Feudal
9:32
Castle
25:42
Imperial
—
| APM avg | 44.0 |
| APM peak | 77 |
| eAPM avg | 17.9 |
| Villagers / military | 66 / 70 |
Focus
⚔️ 41.5% · 🌾 58.5%
Archer ×70
Feudal
10:25
Castle
24:50
Imperial
—
| APM avg | 15.1 |
| APM peak | 74 |
| eAPM avg | 9.0 |
| Villagers / military | 66 / 34 |
Focus
⚔️ 25.3% · 🌾 74.7%
Knight ×14 · Scout Cavalry ×14 · Skirmisher ×6
Feudal
—
Castle
—
Imperial
—
| APM avg | 44.2 |
| APM peak | 84 |
| eAPM avg | 27.0 |
| Villagers / military | 103 / 97 |
Focus
⚔️ 34.4% · 🌾 65.6%
Hand Cannoneer ×69 · Archer ×10 · Spearman ×10 · Hussite Wagon ×3 · Mangonel ×2 · Battering Ram ×2
Feudal
9:43
Castle
24:58
Imperial
—
| APM avg | 56.9 |
| APM peak | 106 |
| eAPM avg | 22.8 |
| Villagers / military | 92 / 140 |
Focus
⚔️ 38.1% · 🌾 61.9%
Archer ×118 · Skirmisher ×10 · Mangonel ×4 · Eagle Scout ×3 · Monk ×2 · Scorpion ×1
Feudal
9:56
Castle
23:11
Imperial
36:27
| APM avg | 33.7 |
| APM peak | 89 |
| eAPM avg | 13.1 |
| Villagers / military | 64 / 67 |
Focus
⚔️ 26.3% · 🌾 73.7%
Archer ×62 · Iron Pagoda ×3 · Spearman ×1 · Battering Ram ×1
Feudal
9:25
Castle
24:02
Imperial
—
| APM avg | 21.0 |
| APM peak | 73 |
| eAPM avg | 11.6 |
| Villagers / military | 100 / 67 |
Focus
⚔️ 28.7% · 🌾 71.3%
Scout Cavalry ×40 · Knight ×27
Match map
Initial resources + every placement click. Lines = walls · curves = elevation contours. ◆ gold · ⬟ stone · ● berries · ✦ relic · ◌ wall gap
Your base· Open — unwalled flank
Jinzc_'s base· Open — 7t gap
jax0n's base· Open — unwalled flank
Almhi's base
aKingIsBorn1's base· Open — unwalled flank
[PyV] Guillermo Moreno's base· Open — 4t gap
csknahmet27's base· Open — 2t gap
hurricanehoffmann's base· Open — 8t gap
Smoothed initial terrain · ◌ = detected wall gap · hover for details
Inputs per minute
— JaSquall7189 - - Jinzc_
Build order — JaSquall7189
First 150 of 260 actions detected
| 0:02 | Queue | Villager (Male) |
| 0:02 | Queue | Villager (Male) |
| 0:02 | Queue | Villager (Male) |
| 0:02 | Queue | Villager (Male) |
| 0:03 | Queue | Villager (Male) |
| 0:03 | Build | House |
| 0:05 | Build | House |
| 1:29 | Queue | Villager (Male) |
| 1:29 | Queue | Villager (Male) |
| 1:48 | Build | Lumber Camp |
| 2:02 | Queue | Villager (Male) |
| 2:17 | Queue | Villager (Male) |
| 2:17 | Queue | Villager (Male) |
| 3:08 | Queue | Villager (Male) |
| 3:08 | Queue | Villager (Male) |
| 3:32 | Queue | Villager (Male) |
| 3:32 | Queue | Villager (Male) |
| 4:06 | Build | House |
| 4:06 | Build | House |
| 4:08 | Queue | Villager (Male) |
| 4:08 | Queue | Villager (Male) |
| 4:32 | Queue | Villager (Male) |
| 4:32 | Queue | Villager (Male) |
| 4:57 | Queue | Villager (Male) |
| 5:03 | Queue | Villager (Male) |
| 5:07 | Build | Mill |
| 5:37 | Queue | Villager (Male) |
| 5:37 | Queue | Villager (Male) |
| 5:45 | Queue | Villager (Male) |
| 5:45 | Queue | Villager (Male) |
| 6:30 | Queue | Villager (Male) |
| 6:30 | Queue | Villager (Male) |
| 6:31 | Queue | Villager (Male) |
| 6:31 | Queue | Villager (Male) |
| 7:12 | Build | Barracks |
| 7:18 | Research | Loom |
| 7:39 | Research | Feudal Age |
| 8:07 | Build | Lumber Camp |
| 8:30 | Build | House |
| 8:36 | Build | Palisade Wall |
| 9:48 | Build | Palisade Wall |
| 9:57 | Build | Stable |
| 9:58 | Queue | Villager (Male) |
| 10:04 | Research | Double-Bit Axe |
| 10:22 | Research | Horse Collar |
| 11:01 | Queue | Villager (Male) |
| 11:02 | Queue | Villager (Male) |
| 11:06 | Queue | Scout Cavalry |
| 11:06 | Queue | Scout Cavalry |
| 11:12 | Build | Palisade Wall |
| 11:18 | Build | House |
| 11:18 | Queue | Scout Cavalry |
| 11:25 | Build | House |
| 11:30 | Build | Palisade Wall |
| 11:35 | Build | Farm |
| 11:38 | Build | Farm |
| 11:41 | Build | Farm |
| 11:44 | Queue | Scout Cavalry |
| 11:52 | Queue | Villager (Male) |
| 11:55 | Build | Farm |
| 11:57 | Build | Farm |
| 11:57 | Queue | Villager (Male) |
| 12:01 | Build | House |
| 12:39 | Queue | Villager (Male) |
| 12:42 | Build | Farm |
| 12:46 | Build | House |
| 13:07 | Queue | Scout Cavalry |
| 13:21 | Build | Farm |
| 13:25 | Build | Stable |
| 13:26 | Queue | Scout Cavalry |
| 13:35 | Queue | Villager (Male) |
| 13:38 | Build | Farm |
| 13:40 | Build | Farm |
| 13:46 | Queue | Spearman |
| 13:47 | Queue | Spearman |
| 13:58 | Queue | Villager (Male) |
| 14:11 | Build | Blacksmith |
| 14:25 | Queue | Scout Cavalry |
| 14:27 | Build | House |
| 14:31 | Build | House |
| 14:33 | Queue | Scout Cavalry |
| 14:38 | Build | Farm |
| 14:39 | Build | Farm |
| 14:50 | Queue | Villager (Male) |
| 14:50 | Queue | Villager (Male) |
| 14:55 | Build | Farm |
| 15:13 | Build | Farm |
| 15:29 | Research | Scale Barding Armor |
| 16:01 | Queue | Scout Cavalry |
| 16:02 | Queue | Scout Cavalry |
| 16:04 | Queue | Villager (Male) |
| 16:04 | Queue | Villager (Male) |
| 16:07 | Build | Farm |
| 16:11 | Build | Farm |
| 16:34 | Queue | Villager (Male) |
| 16:37 | Queue | Scout Cavalry |
| 16:37 | Queue | Scout Cavalry |
| 16:38 | Queue | Scout Cavalry |
| 16:51 | Build | Stable |
| 16:52 | Queue | Scout Cavalry |
| 16:52 | Queue | Scout Cavalry |
| 16:53 | Queue | Villager (Male) |
| 16:57 | Build | Mining Camp |
| 17:09 | Build | Farm |
| 17:11 | Queue | Villager (Male) |
| 17:11 | Queue | Villager (Male) |
| 17:30 | Queue | Scout Cavalry |
| 17:30 | Queue | Scout Cavalry |
| 17:30 | Queue | Scout Cavalry |
| 17:34 | Queue | Villager (Male) |
| 18:37 | Queue | Scout Cavalry |
| 18:38 | Queue | Scout Cavalry |
| 18:38 | Queue | Scout Cavalry |
| 18:38 | Queue | Scout Cavalry |
| 18:38 | Queue | Scout Cavalry |
| 18:39 | Queue | Scout Cavalry |
| 18:57 | Queue | Villager (Male) |
| 18:59 | Build | Farm |
| 19:01 | Build | Farm |
| 19:02 | Build | Farm |
| 19:08 | Build | House |
| 19:13 | Queue | Villager (Male) |
| 19:30 | Queue | Scout Cavalry |
| 19:30 | Queue | Scout Cavalry |
| 19:33 | Build | House |
| 19:37 | Build | Farm |
| 19:39 | Queue | Villager (Male) |
| 20:15 | Queue | Villager (Male) |
| 20:18 | Queue | Scout Cavalry |
| 20:19 | Queue | Scout Cavalry |
| 20:19 | Queue | Scout Cavalry |
| 20:19 | Queue | Scout Cavalry |
| 20:21 | Build | House |
| 20:22 | Build | House |
| 20:25 | Build | House |
| 20:56 | Research | Bloodlines |
| 21:17 | Queue | Villager (Male) |
| 21:25 | Build | Market |
| 21:50 | Build | Farm |
| 21:52 | Queue | Villager (Male) |
| 22:32 | Build | Lumber Camp |
| 23:12 | Research | Castle Age |
| 25:13 | Research | Gold Mining |
| 25:55 | Queue | Villager (Male) |
| 25:59 | Research | Husbandry |
| 25:59 | Queue | Knight |
| 25:59 | Queue | Knight |
| 26:00 | Queue | Knight |
| 26:00 | Queue | Knight |
| 26:00 | Queue | Knight |
Build order — Jinzc_
First 150 of 307 actions detected
| 0:01 | Queue | Villager (Male) ×4 |
| 0:02 | Build | House |
| 0:03 | Build | House |
| 0:22 | Build | House |
| 0:28 | Build | House |
| 1:32 | Queue | Villager (Male) |
| 2:07 | Queue | Villager (Male) |
| 2:07 | Queue | Villager (Male) |
| 2:28 | Queue | Villager (Male) |
| 2:29 | Queue | Villager (Male) |
| 3:02 | Queue | Villager (Male) |
| 3:02 | Queue | Villager (Male) |
| 3:02 | Queue | Villager (Male) |
| 3:10 | Queue | Villager (Male) |
| 3:51 | Queue | Villager (Male) |
| 3:52 | Queue | Villager (Male) |
| 3:52 | Queue | Villager (Male) |
| 4:07 | Queue | Villager (Male) |
| 4:07 | Queue | Villager (Male) |
| 4:40 | Queue | Villager (Male) |
| 5:11 | Queue | Villager (Male) |
| 5:12 | Queue | Villager (Male) |
| 5:12 | Queue | Villager (Male) |
| 5:22 | Queue | Villager (Male) |
| 5:28 | Queue | Villager (Male) |
| 5:41 | Queue | Villager (Male) |
| 5:41 | Queue | Villager (Male) |
| 6:00 | Queue | Villager (Male) |
| 6:00 | Queue | Villager (Male) |
| 6:01 | Queue | Villager (Male) |
| 6:14 | Build | Lumber Camp |
| 6:17 | Queue | Villager (Male) |
| 6:17 | Queue | Villager (Male) |
| 7:09 | Build | Mill |
| 7:25 | Queue | Villager (Male) |
| 7:33 | Queue | Villager (Male) |
| 8:02 | Research | Feudal Age |
| 8:02 | Research | Feudal Age |
| 8:56 | Build | Pasture |
| 9:05 | Build | Pasture |
| 9:32 | Queue | Villager (Male) |
| 9:47 | Build | House |
| 9:52 | Build | House |
| 10:01 | Queue | Villager (Male) |
| 10:17 | Age | Feudal Age |
| 10:17 | Build | Barracks |
| 10:40 | Queue | Villager (Male) |
| 10:40 | Queue | Villager (Male) |
| 10:41 | Queue | Villager (Male) |
| 10:49 | Build | Blacksmith |
| 11:03 | Build | Palisade Wall |
| 11:05 | Build | Palisade Wall |
| 11:17 | Queue | Villager (Male) |
| 11:18 | Queue | Villager (Male) |
| 11:20 | Queue | Villager (Male) |
| 11:25 | Queue | Villager (Male) |
| 11:46 | Build | Stable |
| 11:49 | Research | Forging |
| 12:12 | Build | Palisade Wall |
| 12:21 | Build | Palisade Wall |
| 12:26 | Queue | Scout Cavalry |
| 12:31 | Queue | Villager (Male) |
| 12:43 | Queue | Scout Cavalry |
| 12:45 | Queue | Villager (Male) |
| 12:49 | Build | Palisade Wall |
| 12:52 | Build | Pasture |
| 12:53 | Queue | Villager (Male) |
| 13:05 | Build | Palisade Wall |
| 13:09 | Queue | Scout Cavalry |
| 13:17 | Build | House |
| 13:20 | Queue | Villager (Male) |
| 13:32 | Queue | Villager (Male) |
| 13:45 | Build | Mining Camp |
| 13:46 | Queue | Villager (Male) |
| 13:51 | Queue | Scout Cavalry |
| 13:54 | Build | House |
| 13:58 | Build | Pasture |
| 14:01 | Queue | Villager (Male) |
| 14:18 | Queue | Scout Cavalry |
| 14:23 | Build | House |
| 14:27 | Queue | Scout Cavalry |
| 14:36 | Build | Pasture |
| 14:53 | Build | House |
| 14:55 | Queue | Villager (Male) |
| 15:23 | Build | Pasture |
| 15:24 | Queue | Villager (Male) |
| 15:26 | Build | House |
| 15:59 | Build | House |
| 16:00 | Queue | Villager (Male) |
| 16:10 | Queue | Villager (Male) |
| 16:12 | Build | Pasture |
| 16:14 | Queue | Villager (Male) |
| 16:15 | Queue | Scout Cavalry |
| 16:19 | Build | Stable |
| 16:56 | Queue | Scout Cavalry |
| 16:56 | Queue | Scout Cavalry |
| 16:56 | Queue | Scout Cavalry |
| 16:57 | Queue | Scout Cavalry |
| 16:57 | Queue | Scout Cavalry |
| 17:05 | Build | Pasture |
| 17:06 | Queue | Villager (Male) |
| 17:16 | Queue | Villager (Male) |
| 17:24 | Queue | Scout Cavalry |
| 17:36 | Build | Pasture |
| 18:09 | Build | Lumber Camp |
| 18:21 | Queue | Scout Cavalry |
| 18:24 | Queue | Villager (Male) |
| 18:34 | Build | Pasture |
| 18:35 | Queue | Villager (Male) |
| 19:03 | Queue | Villager (Male) |
| 19:16 | Build | Pasture |
| 19:25 | Build | Palisade Wall |
| 19:47 | Queue | Villager (Male) |
| 20:01 | Build | Pasture |
| 20:02 | Queue | Villager (Male) |
| 20:17 | Research | Castle Age |
| 20:17 | Research | Castle Age |
| 20:17 | Research | Castle Age |
| 20:51 | Queue | Scout Cavalry |
| 20:51 | Queue | Scout Cavalry |
| 21:04 | Research | Double-Bit Axe |
| 21:06 | Research | Tech 1014 |
| 21:30 | Research | Gold Mining |
| 21:44 | Research | Scale Barding Armor |
| 22:46 | Queue | Villager (Male) |
| 22:47 | Queue | Villager (Male) |
| 22:57 | Age | Castle Age |
| 23:01 | Queue | Villager (Male) |
| 23:01 | Queue | Villager (Male) |
| 23:04 | Build | Town Center |
| 23:10 | Build | Palisade Wall |
| 23:48 | Build | Pasture |
| 23:50 | Queue | Villager (Male) |
| 23:50 | Queue | Villager (Male) |
| 23:52 | Queue | Villager (Male) |
| 23:53 | Queue | Villager (Male) |
| 23:55 | Build | House |
| 24:04 | Build | Pasture |
| 24:06 | Queue | Villager (Male) |
| 24:06 | Queue | Villager (Male) |
| 24:09 | Build | Town Center |
| 24:14 | Queue | Villager (Male) |
| 24:41 | Build | House |
| 24:44 | Queue | Villager (Male) |
| 24:44 | Queue | Villager (Male) |
| 24:50 | Queue | Steppe Lancer |
| 24:50 | Queue | Steppe Lancer |
| 24:53 | Build | Pasture |
| 24:54 | Queue | Villager (Male) |
| 25:14 | Build | Mining Camp |
Build order — jax0n
First 150 of 217 actions detected
| 0:04 | Build | House |
| 0:05 | Build | House |
| 0:06 | Queue | Villager (Male) |
| 0:06 | Queue | Villager (Male) |
| 0:33 | Queue | Villager (Male) |
| 0:34 | Queue | Villager (Male) |
| 1:29 | Queue | Villager (Male) |
| 1:30 | Queue | Villager (Male) |
| 1:54 | Build | Lumber Camp |
| 2:12 | Queue | Villager (Male) |
| 2:13 | Queue | Villager (Male) |
| 2:41 | Queue | Villager (Male) |
| 2:41 | Queue | Villager (Male) |
| 2:55 | Queue | Villager (Male) |
| 2:55 | Queue | Villager (Male) |
| 3:09 | Queue | Villager (Male) |
| 3:10 | Queue | Villager (Male) |
| 3:18 | Build | House |
| 4:06 | Queue | Villager (Male) |
| 4:06 | Queue | Villager (Male) |
| 4:44 | Build | Mill |
| 4:46 | Queue | Villager (Male) |
| 4:46 | Queue | Villager (Male) |
| 5:18 | Queue | Villager (Male) |
| 5:38 | Queue | Villager (Male) |
| 5:38 | Queue | Villager (Male) |
| 5:41 | Research | Loom |
| 6:04 | Queue | Villager (Male) |
| 7:22 | Research | Feudal Age |
| 7:59 | Build | Barracks |
| 8:02 | Build | House |
| 8:17 | Queue | Villager (Male) |
| 8:17 | Queue | Villager (Male) |
| 8:57 | Build | House |
| 9:10 | Build | Mining Camp |
| 9:32 | Age | Feudal Age |
| 9:41 | Build | Archery Range |
| 9:57 | Research | Double-Bit Axe |
| 10:07 | Queue | Villager (Male) |
| 10:43 | Queue | Archer |
| 10:43 | Queue | Archer |
| 10:50 | Build | Palisade Gate |
| 11:21 | Build | Archery Range |
| 11:23 | Queue | Archer |
| 11:23 | Queue | Archer |
| 11:33 | Build | Palisade Wall |
| 11:41 | Queue | Villager (Male) |
| 11:41 | Queue | Villager (Male) |
| 11:42 | Queue | Villager (Male) |
| 11:46 | Research | Horse Collar |
| 12:21 | Build | Blacksmith |
| 12:43 | Queue | Archer |
| 12:56 | Queue | Villager (Male) |
| 12:57 | Queue | Villager (Male) |
| 13:13 | Build | Palisade Wall |
| 13:19 | Research | Fletching |
| 13:33 | Build | House |
| 13:34 | Build | House |
| 13:35 | Build | House |
| 13:40 | Queue | Villager (Male) |
| 13:41 | Queue | Villager (Male) |
| 13:48 | Queue | Archer |
| 13:48 | Queue | Archer |
| 14:20 | Queue | Archer |
| 14:20 | Queue | Archer |
| 14:23 | Queue | Villager (Male) |
| 14:24 | Queue | Villager (Male) |
| 14:43 | Build | Farm |
| 14:47 | Build | House |
| 14:48 | Build | House |
| 15:01 | Build | Palisade Wall |
| 15:05 | Queue | Villager (Male) |
| 15:07 | Build | Farm |
| 15:08 | Queue | Archer |
| 15:09 | Queue | Archer |
| 16:23 | Queue | Archer |
| 16:23 | Queue | Archer |
| 16:27 | Research | Padded Archer Armor |
| 16:29 | Build | Farm |
| 16:30 | Build | Farm |
| 16:34 | Build | Farm |
| 16:34 | Build | Farm |
| 16:55 | Queue | Archer |
| 16:55 | Queue | Archer |
| 17:10 | Build | Palisade Wall |
| 17:13 | Build | Farm |
| 17:14 | Build | Farm |
| 17:20 | Build | Palisade Wall |
| 17:23 | Build | Palisade Wall |
| 17:25 | Queue | Villager (Male) |
| 17:26 | Queue | Villager (Male) |
| 17:26 | Queue | Villager (Male) |
| 17:29 | Queue | Archer |
| 17:29 | Queue | Archer |
| 17:30 | Queue | Archer |
| 18:14 | Queue | Archer |
| 18:14 | Queue | Archer |
| 18:14 | Queue | Archer |
| 18:25 | Build | Farm |
| 18:25 | Build | Farm |
| 18:26 | Queue | Villager (Male) |
| 18:29 | Build | House |
| 18:30 | Build | House |
| 18:43 | Build | Palisade Wall |
| 19:07 | Queue | Archer |
| 19:08 | Queue | Archer |
| 19:11 | Build | Farm |
| 19:16 | Build | Farm |
| 19:18 | Queue | Villager (Male) |
| 19:18 | Queue | Villager (Male) |
| 19:20 | Queue | Archer |
| 19:20 | Queue | Archer |
| 19:44 | Build | Archery Range |
| 19:49 | Queue | Archer |
| 20:04 | Queue | Archer |
| 20:17 | Queue | Villager (Male) |
| 20:47 | Queue | Archer |
| 20:47 | Queue | Archer |
| 20:51 | Build | House |
| 20:52 | Build | House |
| 20:57 | Queue | Archer |
| 20:57 | Queue | Archer |
| 21:00 | Build | Farm |
| 21:01 | Build | Farm |
| 21:05 | Build | Farm |
| 21:14 | Queue | Archer |
| 21:14 | Queue | Archer |
| 21:46 | Queue | Archer |
| 21:56 | Build | Stone Wall |
| 22:02 | Build | Farm |
| 22:03 | Queue | Villager (Male) |
| 22:20 | Research | Gold Mining |
| 22:40 | Build | Mining Camp |
| 22:56 | Build | Farm |
| 22:57 | Build | Farm |
| 23:02 | Research | Castle Age |
| 23:19 | Research | Stone Mining |
| 23:26 | Queue | Archer |
| 23:26 | Queue | Archer |
| 23:44 | Queue | Archer |
| 23:44 | Queue | Archer |
| 24:08 | Queue | Archer |
| 24:08 | Queue | Archer |
| 24:27 | Queue | Archer |
| 24:27 | Queue | Archer |
| 24:28 | Queue | Archer |
| 24:34 | Queue | Villager (Male) |
| 24:34 | Queue | Villager (Male) |
| 24:39 | Build | House |
| 24:39 | Build | House |
Build order — Almhi
First 150 of 180 actions detected
| 0:04 | Queue | Villager (Male) |
| 0:04 | Queue | Villager (Male) |
| 0:05 | Queue | Villager (Male) |
| 0:05 | Queue | Villager (Male) |
| 0:06 | Build | House |
| 0:09 | Build | House |
| 0:43 | Queue | Villager (Male) |
| 0:43 | Queue | Villager (Male) |
| 1:27 | Queue | Villager (Male) |
| 1:42 | Build | Lumber Camp |
| 2:23 | Queue | Villager (Male) |
| 2:33 | Queue | Villager (Male) |
| 3:05 | Queue | Villager (Male) |
| 3:05 | Queue | Villager (Male) |
| 3:22 | Build | House |
| 3:24 | Queue | Villager (Male) |
| 3:24 | Queue | Villager (Male) |
| 3:47 | Build | Mill |
| 4:31 | Queue | Villager (Male) |
| 4:47 | Build | House |
| 5:07 | Queue | Villager (Male) |
| 5:07 | Queue | Villager (Male) |
| 5:07 | Queue | Villager (Male) |
| 5:58 | Queue | Villager (Male) |
| 5:59 | Queue | Villager (Male) |
| 6:28 | Queue | Villager (Male) |
| 6:48 | Build | House |
| 7:17 | Research | Loom |
| 8:06 | Build | Palisade Wall |
| 8:09 | Build | Building 796 |
| 8:22 | Research | Feudal Age |
| 9:11 | Queue | Villager (Male) |
| 9:11 | Queue | Villager (Male) |
| 9:18 | Queue | Villager (Male) |
| 9:19 | Queue | Villager (Male) |
| 9:29 | Build | House |
| 10:13 | Build | Palisade Gate |
| 10:17 | Build | Barracks |
| 10:21 | Build | Palisade Wall |
| 10:24 | Build | Palisade Wall |
| 10:25 | Age | Feudal Age |
| 10:59 | Build | Palisade Wall |
| 11:02 | Build | Palisade Wall |
| 11:09 | Build | Building 796 |
| 11:37 | Build | Palisade Wall |
| 11:41 | Build | Palisade Gate |
| 11:56 | Build | Stable |
| 12:08 | Queue | Villager (Male) |
| 12:08 | Queue | Villager (Male) |
| 12:09 | Queue | Villager (Male) |
| 12:15 | Research | Double-Bit Axe |
| 13:05 | Build | Farm |
| 13:06 | Build | Farm |
| 13:06 | Build | Farm |
| 13:06 | Build | Farm |
| 13:22 | Queue | Scout Cavalry |
| 13:22 | Queue | Scout Cavalry |
| 13:22 | Queue | Scout Cavalry |
| 13:22 | Queue | Scout Cavalry |
| 13:23 | Queue | Scout Cavalry |
| 13:47 | Build | Farm |
| 13:53 | Build | Farm |
| 13:58 | Build | Farm |
| 14:02 | Build | Farm |
| 14:06 | Build | Farm |
| 14:11 | Queue | Villager (Male) |
| 14:11 | Queue | Villager (Male) |
| 14:11 | Queue | Villager (Male) |
| 14:12 | Queue | Villager (Male) |
| 14:45 | Research | Horse Collar |
| 15:09 | Build | Blacksmith |
| 15:25 | Build | House |
| 15:26 | Build | House |
| 15:53 | Build | Mining Camp |
| 16:58 | Queue | Scout Cavalry |
| 16:58 | Queue | Scout Cavalry |
| 16:59 | Queue | Scout Cavalry |
| 16:59 | Queue | Scout Cavalry |
| 16:59 | Queue | Scout Cavalry |
| 16:59 | Queue | Scout Cavalry |
| 17:06 | Build | Farm |
| 17:07 | Build | Farm |
| 17:07 | Build | Farm |
| 17:08 | Build | Farm |
| 17:19 | Build | Farm |
| 17:22 | Build | Farm |
| 17:22 | Build | Farm |
| 17:45 | Research | Gold Mining |
| 17:52 | Queue | Villager (Male) |
| 17:52 | Queue | Villager (Male) |
| 17:53 | Queue | Villager (Male) |
| 17:53 | Queue | Villager (Male) |
| 18:29 | Queue | Villager (Male) |
| 18:37 | Build | Mill |
| 18:38 | Build | Farm |
| 18:38 | Build | Farm |
| 18:39 | Build | Farm |
| 18:39 | Build | Farm |
| 18:39 | Build | Farm |
| 18:40 | Build | Farm |
| 18:40 | Build | Farm |
| 18:40 | Build | Farm |
| 18:40 | Build | Farm |
| 18:41 | Build | Farm |
| 18:44 | Queue | Villager (Male) |
| 18:44 | Queue | Villager (Male) |
| 19:44 | Research | Bloodlines |
| 19:50 | Research | Scale Barding Armor |
| 19:59 | Build | Market |
| 20:45 | Queue | Villager (Male) |
| 20:45 | Queue | Villager (Male) |
| 20:47 | Queue | Villager (Male) |
| 20:51 | Queue | Scout Cavalry |
| 20:51 | Queue | Scout Cavalry |
| 20:51 | Queue | Scout Cavalry |
| 20:58 | Build | House |
| 21:06 | Build | House |
| 21:48 | Build | Archery Range |
| 21:53 | Build | House |
| 21:54 | Build | House |
| 22:25 | Research | Castle Age |
| 22:46 | Queue | Skirmisher |
| 22:46 | Queue | Skirmisher |
| 22:46 | Queue | Skirmisher |
| 22:47 | Queue | Skirmisher |
| 22:47 | Queue | Skirmisher |
| 22:47 | Queue | Skirmisher |
| 22:55 | Build | Watch Tower |
| 23:07 | Research | Fletching |
| 24:50 | Age | Castle Age |
| 24:58 | Queue | Knight |
| 24:59 | Queue | Knight |
| 24:59 | Queue | Knight |
| 24:59 | Queue | Knight |
| 24:59 | Queue | Knight |
| 25:00 | Queue | Knight |
| 25:53 | Queue | Knight |
| 26:31 | Build | Building 487 |
| 26:51 | Build | Farm |
| 26:56 | Queue | Villager (Male) |
| 26:56 | Queue | Villager (Male) |
| 27:19 | Build | Farm |
| 27:21 | Build | Farm |
| 27:38 | Build | Lumber Camp |
| 27:44 | Research | Gold Shaft Mining |
| 27:52 | Queue | Villager (Male) |
| 27:53 | Queue | Villager (Male) |
| 27:53 | Queue | Villager (Male) |
| 28:11 | Queue | Knight |
| 28:18 | Queue | Villager (Male) |
Build order — aKingIsBorn1
First 150 of 246 actions detected
| 0:00 | Queue | Villager (Male) ×4 |
| 0:01 | Queue | Villager (Male) ×4 |
| 0:02 | Build | House |
| 0:04 | Build | House |
| 1:15 | Queue | Villager (Male) |
| 1:15 | Queue | Villager (Male) |
| 1:45 | Build | Lumber Camp |
| 1:55 | Queue | Villager (Male) |
| 1:55 | Queue | Villager (Male) |
| 2:08 | Queue | Villager (Male) |
| 2:09 | Queue | Villager (Male) |
| 2:44 | Queue | Villager (Male) |
| 2:44 | Queue | Villager (Male) |
| 3:01 | Queue | Villager (Male) |
| 3:27 | Build | House |
| 3:38 | Queue | Villager (Male) |
| 4:03 | Queue | Villager (Male) |
| 4:03 | Queue | Villager (Male) |
| 4:29 | Queue | Villager (Male) |
| 4:29 | Queue | Villager (Male) |
| 4:55 | Queue | Villager (Male) |
| 4:55 | Queue | Villager (Male) |
| 5:03 | Queue | Villager (Male) |
| 5:04 | Queue | Villager (Male) |
| 5:20 | Queue | Villager (Male) |
| 5:20 | Queue | Villager (Male) |
| 5:29 | Build | Mill |
| 5:44 | Queue | Villager (Male) |
| 6:27 | Queue | Villager (Male) |
| 6:33 | Queue | Villager (Male) |
| 6:42 | Build | House |
| 6:52 | Build | Lumber Camp |
| 6:54 | Research | Loom |
| 7:18 | Queue | Villager (Male) |
| 7:22 | Queue | Villager (Male) |
| 8:01 | Queue | Villager (Male) |
| 8:15 | Build | Mining Camp |
| 8:19 | Build | Barracks |
| 8:45 | Build | House |
| 8:58 | Research | Feudal Age |
| 9:58 | Build | Farm |
| 10:10 | Build | Farm |
| 10:58 | Build | House |
| 11:02 | Build | Palisade Wall |
| 11:06 | Queue | Villager (Male) |
| 11:11 | Queue | Spearman |
| 11:19 | Queue | Villager (Male) |
| 11:28 | Research | Double-Bit Axe |
| 11:37 | Research | Horse Collar |
| 11:39 | Queue | Spearman |
| 11:53 | Build | Farm |
| 12:26 | Queue | Villager (Male) |
| 12:44 | Build | Archery Range |
| 12:46 | Queue | Spearman |
| 12:46 | Queue | Spearman |
| 12:57 | Queue | Spearman |
| 12:59 | Queue | Villager (Male) |
| 12:59 | Queue | Villager (Male) |
| 13:00 | Queue | Villager (Male) |
| 13:08 | Build | House |
| 13:10 | Build | Palisade Wall |
| 13:24 | Build | Blacksmith |
| 13:25 | Build | House |
| 13:30 | Queue | Spearman |
| 13:34 | Build | House |
| 13:37 | Build | Farm |
| 13:47 | Queue | Spearman |
| 13:53 | Build | Palisade Wall |
| 13:55 | Build | Palisade Wall |
| 14:03 | Queue | Spearman |
| 14:07 | Queue | Archer |
| 14:07 | Queue | Archer |
| 14:07 | Queue | Archer |
| 14:32 | Queue | Villager (Male) |
| 14:33 | Queue | Villager (Male) |
| 14:34 | Queue | Villager (Male) |
| 14:35 | Queue | Archer |
| 14:44 | Build | House |
| 14:46 | Build | Palisade Wall |
| 14:53 | Queue | Archer |
| 15:13 | Build | Farm |
| 15:15 | Queue | Villager (Male) |
| 15:15 | Queue | Villager (Male) |
| 15:24 | Queue | Archer |
| 15:31 | Build | Farm |
| 15:32 | Build | Farm |
| 15:42 | Queue | Archer |
| 15:44 | Queue | Spearman |
| 16:00 | Build | Farm |
| 16:02 | Research | Fletching |
| 16:28 | Build | Farm |
| 16:29 | Queue | Villager (Male) |
| 16:31 | Build | House |
| 16:48 | Queue | Archer |
| 16:48 | Queue | Archer |
| 16:57 | Queue | Archer |
| 16:58 | Build | Farm |
| 17:13 | Build | Farm |
| 17:18 | Queue | Villager (Male) |
| 17:40 | Build | Farm |
| 17:42 | Build | Farm |
| 17:43 | Build | Farm |
| 18:17 | Build | Watch Tower |
| 18:22 | Queue | Spearman |
| 18:30 | Build | Market |
| 18:58 | Build | Farm |
| 19:21 | Research | Castle Age |
| 19:26 | Build | Archery Range |
| 21:40 | Queue | Villager (Male) |
| 21:41 | Queue | Villager (Male) |
| 22:03 | Queue | Villager (Male) |
| 22:05 | Research | Bodkin Arrow |
| 22:18 | Build | University |
| 22:24 | Build | Town Center |
| 22:28 | Queue | Villager (Male) |
| 22:29 | Queue | Villager (Male) |
| 22:40 | Research | Bow Saw |
| 22:46 | Queue | Villager (Male) |
| 22:47 | Queue | Villager (Male) |
| 22:57 | Research | Chemistry |
| 23:07 | Queue | Villager (Male) |
| 23:17 | Build | House |
| 23:47 | Queue | Villager (Male) |
| 23:57 | Build | House |
| 24:01 | Queue | Villager (Male) |
| 24:02 | Queue | Villager (Male) |
| 24:11 | Queue | Villager (Male) |
| 24:15 | Build | Town Center |
| 24:20 | Queue | Villager (Male) |
| 24:21 | Queue | Villager (Male) |
| 24:21 | Queue | Villager (Male) |
| 24:28 | Build | House |
| 24:39 | Queue | Hand Cannoneer ×2 |
| 24:39 | Queue | Hand Cannoneer ×2 |
| 24:40 | Queue | Hand Cannoneer |
| 24:41 | Queue | Hand Cannoneer |
| 24:57 | Queue | Hand Cannoneer ×2 |
| 24:57 | Queue | Hand Cannoneer ×2 |
| 25:08 | Build | House |
| 25:10 | Build | Palisade Wall |
| 25:18 | Build | Farm |
| 25:26 | Queue | Hand Cannoneer ×2 |
| 25:26 | Queue | Hand Cannoneer ×2 |
| 25:35 | Build | Monastery |
| 25:42 | Build | Farm |
| 25:52 | Queue | Hand Cannoneer |
| 25:52 | Queue | Hand Cannoneer |
| 25:54 | Queue | Villager (Male) |
| 25:55 | Queue | Villager (Male) |
| 25:55 | Queue | Villager (Male) |
Build order — [PyV] Guillermo Moreno
First 150 of 298 actions detected
| 0:00 | Queue | Villager (Male) |
| 0:01 | Queue | Villager (Male) |
| 0:01 | Queue | Villager (Male) |
| 0:01 | Queue | Villager (Male) |
| 0:02 | Build | House |
| 0:04 | Build | House |
| 0:06 | Build | House |
| 0:08 | Research | Loom |
| 0:08 | Queue | Villager (Male) |
| 0:09 | Queue | Villager (Male) |
| 0:40 | Queue | Villager (Male) |
| 0:40 | Queue | Villager (Male) |
| 1:43 | Queue | Villager (Male) |
| 1:43 | Queue | Villager (Male) |
| 1:57 | Build | Lumber Camp |
| 2:24 | Queue | Villager (Male) |
| 2:25 | Queue | Villager (Male) |
| 2:25 | Queue | Villager (Male) |
| 3:11 | Queue | Villager (Male) |
| 3:12 | Queue | Villager (Male) |
| 3:12 | Queue | Villager (Male) |
| 3:42 | Queue | Villager (Male) |
| 4:06 | Queue | Villager (Male) |
| 4:16 | Queue | Villager (Male) |
| 4:36 | Queue | Villager (Male) |
| 4:37 | Queue | Villager (Male) |
| 4:57 | Build | House |
| 5:01 | Build | Mining Camp |
| 5:12 | Queue | Villager (Male) |
| 5:36 | Queue | Villager (Male) |
| 6:17 | Queue | Villager (Male) |
| 6:37 | Build | Mill |
| 6:56 | Queue | Villager (Male) |
| 7:33 | Research | Feudal Age |
| 7:33 | Research | Feudal Age |
| 8:14 | Build | Barracks |
| 8:15 | Build | House |
| 8:32 | Queue | Villager (Male) |
| 9:43 | Age | Feudal Age |
| 9:46 | Build | Archery Range |
| 9:50 | Research | Double-Bit Axe |
| 9:56 | Build | Archery Range |
| 10:04 | Queue | Villager (Male) |
| 10:16 | Queue | Villager (Male) |
| 10:28 | Build | Blacksmith |
| 10:43 | Build | House |
| 10:44 | Build | House |
| 10:46 | Build | Palisade Wall |
| 10:46 | Build | Palisade Wall |
| 10:55 | Queue | Villager (Male) |
| 10:59 | Queue | Archer |
| 10:59 | Queue | Archer |
| 11:19 | Queue | Archer |
| 11:19 | Queue | Archer |
| 11:31 | Queue | Villager (Male) |
| 11:37 | Build | House |
| 11:38 | Build | Palisade Wall |
| 11:45 | Queue | Archer |
| 11:55 | Build | Palisade Wall |
| 11:58 | Queue | Villager (Male) |
| 12:01 | Queue | Archer |
| 12:02 | Queue | Archer |
| 12:08 | Build | House |
| 12:10 | Build | Palisade Wall |
| 12:17 | Build | Palisade Wall |
| 12:20 | Queue | Villager (Male) |
| 12:29 | Build | Lumber Camp |
| 12:39 | Queue | Villager (Male) |
| 13:01 | Queue | Archer |
| 13:01 | Queue | Archer |
| 13:11 | Queue | Villager (Male) |
| 13:16 | Queue | Archer |
| 13:16 | Queue | Archer |
| 13:27 | Build | Palisade Wall |
| 13:37 | Queue | Villager (Male) |
| 13:49 | Research | Fletching |
| 14:06 | Queue | Villager (Male) |
| 14:07 | Queue | Archer |
| 14:17 | Research | Horse Collar |
| 14:17 | Research | Horse Collar |
| 14:41 | Queue | Archer |
| 14:41 | Queue | Archer |
| 14:42 | Queue | Villager (Male) |
| 15:07 | Queue | Archer |
| 15:07 | Queue | Archer |
| 15:08 | Queue | Villager (Male) |
| 15:09 | Queue | Villager (Male) |
| 15:09 | Queue | Villager (Male) |
| 15:33 | Queue | Villager (Male) |
| 15:34 | Queue | Archer |
| 15:45 | Build | Farm |
| 15:45 | Build | Farm |
| 15:45 | Build | Farm |
| 15:45 | Build | Farm |
| 15:46 | Build | Farm |
| 15:46 | Build | Farm |
| 15:46 | Build | Farm |
| 15:51 | Build | House |
| 15:54 | Build | House |
| 15:55 | Build | House |
| 16:06 | Build | Building 804 |
| 16:09 | Build | Palisade Wall |
| 16:12 | Queue | Villager (Male) |
| 16:17 | Build | Farm |
| 16:26 | Build | Building 796 |
| 16:31 | Queue | Archer |
| 16:42 | Build | House |
| 16:50 | Queue | Archer ×3 |
| 17:00 | Build | Farm |
| 17:01 | Build | Farm |
| 17:01 | Queue | Villager (Male) |
| 17:02 | Queue | Villager (Male) |
| 17:11 | Queue | Archer |
| 17:12 | Queue | Archer |
| 17:22 | Build | Farm |
| 17:51 | Queue | Archer |
| 17:52 | Build | Farm |
| 18:00 | Build | Farm |
| 18:07 | Build | House |
| 18:11 | Build | House |
| 18:11 | Build | House |
| 18:19 | Build | House |
| 18:21 | Queue | Villager (Male) |
| 18:23 | Queue | Archer |
| 18:24 | Queue | Archer |
| 18:29 | Queue | Villager (Male) |
| 18:36 | Queue | Archer |
| 18:36 | Queue | Archer |
| 18:37 | Queue | Villager (Male) |
| 18:58 | Queue | Archer |
| 18:58 | Queue | Archer |
| 19:03 | Queue | Skirmisher |
| 19:04 | Queue | Archer |
| 19:12 | Queue | Spearman |
| 19:13 | Queue | Villager (Male) |
| 19:26 | Queue | Archer |
| 19:26 | Queue | Archer |
| 19:37 | Queue | Archer |
| 19:37 | Queue | Archer |
| 19:50 | Queue | Skirmisher |
| 19:51 | Queue | Archer |
| 19:51 | Queue | Villager (Male) |
| 20:07 | Queue | Archer |
| 20:07 | Queue | Skirmisher |
| 20:13 | Queue | Villager (Male) |
| 20:27 | Research | Wheelbarrow |
| 20:46 | Build | Farm |
| 20:46 | Build | Farm |
| 21:05 | Queue | Archer |
| 21:06 | Queue | Skirmisher |
Build order — csknahmet27
First 150 of 207 actions detected
| 0:00 | Queue | Villager (Male) |
| 0:01 | Queue | Villager (Male) |
| 0:02 | Queue | Villager (Male) |
| 0:03 | Build | House |
| 0:04 | Build | House |
| 0:21 | Queue | Villager (Male) |
| 0:22 | Queue | Villager (Male) |
| 1:26 | Queue | Villager (Male) |
| 2:01 | Queue | Villager (Male) |
| 2:01 | Queue | Villager (Male) |
| 2:13 | Queue | Villager (Male) |
| 2:13 | Queue | Villager (Male) |
| 2:36 | Build | Lumber Camp |
| 2:57 | Queue | Villager (Male) |
| 2:57 | Queue | Villager (Male) |
| 2:58 | Queue | Villager (Male) |
| 3:24 | Queue | Villager (Male) |
| 3:55 | Queue | Villager (Male) |
| 4:02 | Build | House |
| 4:04 | Build | House |
| 4:31 | Research | Loom |
| 5:10 | Queue | Villager (Male) |
| 5:10 | Queue | Villager (Male) |
| 5:37 | Queue | Villager (Male) |
| 5:38 | Queue | Villager (Male) |
| 5:38 | Queue | Villager (Male) |
| 5:38 | Queue | Villager (Male) |
| 5:59 | Queue | Villager (Male) |
| 6:35 | Build | Mill |
| 7:46 | Research | Feudal Age |
| 7:55 | Build | Mining Camp |
| 8:09 | Build | Palisade Wall |
| 8:13 | Build | Palisade Wall |
| 8:14 | Build | Palisade Wall |
| 8:23 | Build | Palisade Wall |
| 8:24 | Build | Palisade Wall |
| 8:26 | Build | Palisade Wall |
| 8:27 | Build | Palisade Wall |
| 8:32 | Build | Palisade Wall |
| 9:08 | Build | Barracks |
| 9:20 | Build | Palisade Wall |
| 9:29 | Build | Palisade Wall |
| 9:56 | Age | Feudal Age |
| 10:07 | Build | Archery Range |
| 10:11 | Queue | Villager (Male) |
| 10:12 | Queue | Villager (Male) |
| 10:20 | Build | House |
| 10:29 | Build | Palisade Wall |
| 10:39 | Queue | Villager (Male) |
| 10:45 | Build | House |
| 11:07 | Queue | Archer |
| 11:13 | Build | Archery Range |
| 11:25 | Build | House |
| 11:31 | Queue | Archer |
| 11:32 | Queue | Villager (Male) |
| 11:35 | Queue | Villager (Male) |
| 11:52 | Queue | Archer |
| 11:53 | Queue | Archer |
| 11:56 | Queue | Archer |
| 12:04 | Queue | Archer |
| 12:14 | Build | Blacksmith |
| 12:18 | Queue | Villager (Male) |
| 12:27 | Build | Farm |
| 12:30 | Queue | Archer |
| 12:31 | Queue | Archer |
| 12:39 | Queue | Spearman |
| 12:50 | Build | Farm |
| 12:56 | Queue | Villager (Male) |
| 12:56 | Queue | Villager (Male) |
| 13:01 | Build | Farm |
| 13:08 | Queue | Archer |
| 13:08 | Queue | Archer |
| 13:48 | Queue | Archer |
| 13:49 | Queue | Archer |
| 13:50 | Queue | Villager (Male) |
| 13:50 | Queue | Villager (Male) |
| 13:53 | Build | Farm |
| 13:54 | Build | Farm |
| 14:07 | Queue | Villager (Male) |
| 14:14 | Build | House |
| 14:15 | Build | House |
| 14:19 | Build | House |
| 14:32 | Queue | Archer |
| 14:33 | Queue | Archer |
| 14:44 | Queue | Villager (Male) |
| 14:46 | Build | Farm |
| 14:52 | Build | Farm |
| 15:49 | Queue | Archer |
| 15:49 | Queue | Archer |
| 15:49 | Queue | Archer |
| 15:50 | Queue | Villager (Male) |
| 15:51 | Queue | Villager (Male) |
| 16:13 | Queue | Archer |
| 16:14 | Queue | Archer |
| 16:21 | Queue | Villager (Male) |
| 16:23 | Build | Farm |
| 16:24 | Build | Farm |
| 17:08 | Queue | Archer |
| 17:08 | Queue | Archer |
| 17:09 | Queue | Archer |
| 17:10 | Queue | Villager (Male) |
| 17:10 | Queue | Villager (Male) |
| 17:54 | Queue | Villager (Male) |
| 17:57 | Build | Farm |
| 17:57 | Build | Farm |
| 17:58 | Build | Farm |
| 17:58 | Build | Farm |
| 17:58 | Build | Farm |
| 17:58 | Build | Farm |
| 17:59 | Build | Farm |
| 17:59 | Build | Farm |
| 17:59 | Build | Farm |
| 17:59 | Build | Farm |
| 18:04 | Build | Farm |
| 18:09 | Queue | Villager (Male) |
| 18:13 | Build | House |
| 18:16 | Queue | Archer |
| 18:16 | Queue | Archer |
| 18:18 | Queue | Archer |
| 18:33 | Build | House |
| 18:36 | Research | Fletching |
| 19:08 | Queue | Archer |
| 19:08 | Queue | Archer |
| 19:16 | Queue | Villager (Male) |
| 19:16 | Queue | Villager (Male) |
| 20:01 | Queue | Villager (Male) |
| 20:16 | Build | House |
| 20:17 | Build | House |
| 20:18 | Build | House |
| 20:18 | Build | House |
| 20:26 | Research | Castle Age |
| 21:03 | Queue | Archer |
| 21:04 | Queue | Archer |
| 21:04 | Queue | Archer |
| 21:50 | Queue | Archer |
| 21:50 | Queue | Archer |
| 21:52 | Queue | Archer |
| 21:52 | Queue | Archer |
| 22:23 | Build | Archery Range |
| 23:11 | Age | Castle Age |
| 23:18 | Research | Crossbowman (upgrade) |
| 23:20 | Research | Thumb Ring |
| 23:22 | Research | Bodkin Arrow |
| 24:01 | Queue | Villager (Male) |
| 24:04 | Queue | Archer ×4 |
| 24:05 | Queue | Archer |
| 24:07 | Queue | Villager (Male) |
| 24:14 | Research | Double-Bit Axe |
| 24:14 | Research | Double-Bit Axe |
| 24:48 | Queue | Villager (Male) |
Build order — hurricanehoffmann
First 150 of 245 actions detected
| 0:01 | Queue | Villager (Male) |
| 0:02 | Queue | Villager (Male) |
| 0:02 | Queue | Villager (Male) |
| 0:02 | Queue | Villager (Male) |
| 0:04 | Build | House |
| 0:06 | Build | House |
| 1:37 | Queue | Villager (Male) |
| 1:37 | Queue | Villager (Male) |
| 1:37 | Queue | Villager (Male) |
| 1:52 | Build | Lumber Camp |
| 2:07 | Queue | Villager (Male) |
| 2:07 | Queue | Villager (Male) |
| 2:28 | Queue | Villager (Male) |
| 2:28 | Queue | Villager (Male) |
| 2:56 | Queue | Villager (Male) |
| 2:56 | Queue | Villager (Male) |
| 2:57 | Queue | Villager (Male) |
| 3:12 | Queue | Villager (Male) |
| 3:12 | Queue | Villager (Male) |
| 3:12 | Queue | Villager (Male) |
| 3:46 | Queue | Villager (Male) |
| 3:46 | Queue | Villager (Male) |
| 3:54 | Build | House |
| 4:20 | Queue | Villager (Male) |
| 4:20 | Queue | Villager (Male) |
| 4:39 | Queue | Villager (Male) |
| 4:40 | Queue | Villager (Male) |
| 4:40 | Queue | Villager (Male) |
| 4:40 | Queue | Villager (Male) |
| 5:03 | Queue | Villager (Male) |
| 5:04 | Queue | Villager (Male) |
| 5:04 | Queue | Villager (Male) |
| 5:32 | Queue | Villager (Male) |
| 5:32 | Queue | Villager (Male) |
| 5:45 | Research | Loom |
| 6:12 | Build | Mill |
| 7:10 | Research | Feudal Age |
| 7:40 | Build | House |
| 8:19 | Build | Barracks |
| 8:53 | Queue | Villager (Male) |
| 8:53 | Queue | Villager (Male) |
| 9:25 | Age | Feudal Age |
| 9:28 | Build | Stable |
| 9:33 | Build | House |
| 9:58 | Build | Stone Wall |
| 10:24 | Build | Stone Wall |
| 10:29 | Research | Double-Bit Axe |
| 10:31 | Queue | Scout Cavalry |
| 10:31 | Queue | Scout Cavalry |
| 10:31 | Queue | Scout Cavalry |
| 10:32 | Queue | Scout Cavalry |
| 10:33 | Queue | Villager (Male) |
| 10:33 | Queue | Villager (Male) |
| 10:47 | Build | Blacksmith |
| 10:56 | Queue | Villager (Male) |
| 11:30 | Queue | Villager (Male) |
| 11:48 | Build | House |
| 12:08 | Build | Market |
| 12:14 | Queue | Villager (Male) |
| 12:14 | Queue | Villager (Male) |
| 12:14 | Queue | Villager (Male) |
| 12:46 | Queue | Scout Cavalry |
| 12:47 | Queue | Scout Cavalry |
| 12:47 | Queue | Scout Cavalry |
| 12:47 | Queue | Scout Cavalry |
| 13:06 | Build | Farm |
| 13:06 | Build | Farm |
| 13:06 | Build | Farm |
| 13:06 | Build | Farm |
| 13:07 | Build | Farm |
| 13:07 | Build | Farm |
| 13:07 | Build | Farm |
| 13:08 | Build | Farm |
| 13:08 | Build | Farm |
| 13:08 | Build | Farm |
| 13:33 | Build | House |
| 13:37 | Build | House |
| 14:24 | Build | Farm |
| 14:24 | Build | Farm |
| 14:24 | Build | Farm |
| 14:24 | Build | Farm |
| 14:25 | Build | Farm |
| 14:25 | Build | Farm |
| 14:34 | Build | Palisade Wall |
| 15:01 | Queue | Villager (Male) |
| 15:01 | Queue | Villager (Male) |
| 15:01 | Queue | Villager (Male) |
| 15:13 | Queue | Villager (Male) |
| 15:39 | Queue | Scout Cavalry |
| 15:39 | Queue | Scout Cavalry |
| 15:39 | Queue | Scout Cavalry |
| 16:08 | Build | Farm |
| 16:09 | Build | Farm |
| 16:09 | Build | Farm |
| 16:10 | Build | Farm |
| 16:15 | Queue | Villager (Male) |
| 16:15 | Queue | Villager (Male) |
| 16:52 | Queue | Scout Cavalry |
| 16:52 | Queue | Scout Cavalry |
| 16:53 | Queue | Scout Cavalry |
| 16:55 | Queue | Villager (Male) |
| 16:55 | Queue | Villager (Male) |
| 17:10 | Build | Mining Camp |
| 17:13 | Queue | Villager (Male) |
| 17:13 | Queue | Villager (Male) |
| 17:21 | Build | Palisade Wall |
| 17:31 | Build | Farm |
| 17:40 | Build | Farm |
| 17:43 | Build | Farm |
| 18:05 | Queue | Scout Cavalry |
| 18:05 | Queue | Scout Cavalry |
| 18:05 | Queue | Scout Cavalry |
| 18:05 | Queue | Scout Cavalry |
| 18:05 | Queue | Scout Cavalry |
| 18:27 | Build | Farm |
| 18:28 | Build | Farm |
| 18:34 | Build | House |
| 18:42 | Queue | Villager (Male) |
| 18:42 | Queue | Villager (Male) |
| 19:10 | Queue | Scout Cavalry |
| 19:10 | Queue | Scout Cavalry |
| 19:10 | Queue | Scout Cavalry |
| 19:12 | Queue | Villager (Male) |
| 19:12 | Queue | Villager (Male) |
| 19:12 | Queue | Villager (Male) |
| 19:37 | Queue | Scout Cavalry |
| 19:37 | Queue | Scout Cavalry |
| 19:38 | Queue | Villager (Male) |
| 19:39 | Queue | Villager (Male) |
| 19:47 | Build | House |
| 19:51 | Queue | Villager (Male) |
| 20:24 | Queue | Scout Cavalry |
| 20:25 | Queue | Villager (Male) |
| 20:25 | Queue | Villager (Male) |
| 20:57 | Build | Stable |
| 21:21 | Research | Castle Age |
| 21:44 | Queue | Scout Cavalry |
| 21:44 | Queue | Scout Cavalry |
| 21:51 | Research | Forging |
| 21:57 | Research | Scale Barding Armor |
| 22:06 | Build | Farm |
| 22:08 | Queue | Villager (Male) |
| 22:09 | Queue | Villager (Male) |
| 22:27 | Build | House |
| 22:37 | Queue | Scout Cavalry |
| 22:37 | Queue | Scout Cavalry |
| 22:37 | Queue | Scout Cavalry |
| 22:49 | Queue | Scout Cavalry |
| 22:52 | Queue | Scout Cavalry |
| 23:16 | Build | House |
Match timeline
| 7:12 | JaSquall7189 · first_building Barracks |
| 7:59 | jax0n · first_building Barracks |
| 8:06 | Almhi · wall_segment Palisade Wall x9 |
| 8:09 | csknahmet27 · wall_segment Palisade Wall x4 |
| 8:13 | csknahmet27 · wall_segment Palisade Wall x2 |
| 8:14 | [PyV] Guillermo Moreno · first_building Barracks |
| 8:14 | csknahmet27 · wall_segment Palisade Wall x1 |
| 8:19 | aKingIsBorn1 · first_building Barracks |
| 8:19 | hurricanehoffmann · first_building Barracks |
| 8:23 | csknahmet27 · wall_segment Palisade Wall x1 |
| 8:24 | csknahmet27 · wall_segment Palisade Wall x1 |
| 8:26 | csknahmet27 · wall_segment Palisade Wall x1 |
| 8:27 | csknahmet27 · wall_segment Palisade Wall x1 |
| 8:32 | csknahmet27 · wall_segment Palisade Wall x1 |
| 8:36 | JaSquall7189 · wall_segment Palisade Wall x6 |
| 9:08 | csknahmet27 · first_building Barracks |
| 9:20 | csknahmet27 · wall_segment Palisade Wall x1 |
| 9:25 | hurricanehoffmann · age_up feudal |
| 9:28 | hurricanehoffmann · first_building Stable |
| 9:29 | csknahmet27 · wall_segment Palisade Wall x8 |
| 9:32 | jax0n · age_up feudal |
| 9:41 | jax0n · first_building Archery Range |
| 9:43 | [PyV] Guillermo Moreno · age_up feudal |
| 9:46 | [PyV] Guillermo Moreno · first_building Archery Range |
| 9:48 | JaSquall7189 · wall_segment Palisade Wall x9 |
| 9:56 | csknahmet27 · age_up feudal |
| 9:57 | JaSquall7189 · first_building Stable |
| 9:58 | hurricanehoffmann · wall_segment Stone Wall x11 |
| 10:07 | csknahmet27 · first_building Archery Range |
| 10:17 | Jinzc_ · age_up feudal |
| 10:17 | Almhi · first_building Barracks |
| 10:17 | Jinzc_ · first_building Barracks |
| 10:21 | Almhi · wall_segment Palisade Wall x14 |
| 10:24 | Almhi · wall_segment Palisade Wall x1 |
| 10:24 | hurricanehoffmann · wall_segment Stone Wall x18 |
| 10:25 | Almhi · age_up feudal |
| 10:29 | csknahmet27 · wall_segment Palisade Wall x1 |
| 10:46 | [PyV] Guillermo Moreno · wall_segment Palisade Wall x6 |
| 10:46 | [PyV] Guillermo Moreno · wall_segment Palisade Wall x7 |
| 10:59 | Almhi · wall_segment Palisade Wall x22 |
| 11:02 | aKingIsBorn1 · wall_segment Palisade Wall x8 |
| 11:02 | Almhi · wall_segment Palisade Wall x4 |
| 11:03 | Jinzc_ · wall_segment Palisade Wall x5 |
| 11:05 | Jinzc_ · wall_segment Palisade Wall x10 |
| 11:12 | JaSquall7189 · wall_segment Palisade Wall x1 |
| 11:30 | JaSquall7189 · wall_segment Palisade Wall x10 |
| 11:33 | jax0n · wall_segment Palisade Wall x12 |
| 11:37 | Almhi · wall_segment Palisade Wall x12 |
| 11:38 | [PyV] Guillermo Moreno · wall_segment Palisade Wall x11 |
| 11:46 | Jinzc_ · first_building Stable |
| 11:55 | [PyV] Guillermo Moreno · wall_segment Palisade Wall x12 |
| 11:56 | Almhi · first_building Stable |
| 12:10 | [PyV] Guillermo Moreno · wall_segment Palisade Wall x8 |
| 12:12 | Jinzc_ · wall_segment Palisade Wall x13 |
| 12:17 | [PyV] Guillermo Moreno · wall_segment Palisade Wall x11 |
| 12:21 | Jinzc_ · wall_segment Palisade Wall x3 |
| 12:44 | aKingIsBorn1 · first_building Archery Range |
| 12:49 | Jinzc_ · wall_segment Palisade Wall x5 |
| 13:05 | Jinzc_ · wall_segment Palisade Wall x6 |
| 13:10 | aKingIsBorn1 · wall_segment Palisade Wall x1 |
| 13:13 | jax0n · wall_segment Palisade Wall x15 |
| 13:27 | [PyV] Guillermo Moreno · wall_segment Palisade Wall x1 |
| 13:53 | aKingIsBorn1 · wall_segment Palisade Wall x1 |
| 13:55 | aKingIsBorn1 · wall_segment Palisade Wall x1 |
| 14:34 | hurricanehoffmann · wall_segment Palisade Wall x7 |
| 14:46 | aKingIsBorn1 · wall_segment Palisade Wall x7 |
| 15:01 | jax0n · wall_segment Palisade Wall x22 |
| 16:09 | [PyV] Guillermo Moreno · wall_segment Palisade Wall x1 |
| 17:10 | jax0n · wall_segment Palisade Wall x8 |
| 17:20 | jax0n · wall_segment Palisade Wall x4 |
| 17:21 | hurricanehoffmann · wall_segment Palisade Wall x10 |
| 17:23 | jax0n · wall_segment Palisade Wall x1 |
| 18:43 | jax0n · wall_segment Palisade Wall x2 |
| 19:25 | Jinzc_ · wall_segment Palisade Wall x13 |
| 19:54 | hurricanehoffmann · first_market_sell 100 wood |
| 21:13 | hurricanehoffmann · first_market_buy 100 food |
| 21:48 | Almhi · first_building Archery Range |
| 21:56 | jax0n · wall_segment Stone Wall x4 |
| 22:15 | aKingIsBorn1 · first_market_buy 100 stone |
| 22:57 | Jinzc_ · age_up castle |
| 23:10 | Jinzc_ · wall_segment Palisade Wall x4 |
| 23:11 | csknahmet27 · age_up castle |
| 24:02 | hurricanehoffmann · age_up castle |
| 24:45 | aKingIsBorn1 · first_market_sell 100 wood |
| 24:50 | Almhi · age_up castle |
| 24:58 | [PyV] Guillermo Moreno · age_up castle |
| 25:10 | aKingIsBorn1 · wall_segment Palisade Wall x3 |
| 25:35 | aKingIsBorn1 · first_building Monastery |
| 25:42 | jax0n · age_up castle |
| 27:53 | aKingIsBorn1 · first_building Siege Workshop |
| 28:33 | [PyV] Guillermo Moreno · first_building Siege Workshop |
| 28:44 | Almhi · first_market_sell 100 wood |
| 28:46 | Almhi · first_market_buy 100 stone |
| 29:03 | aKingIsBorn1 · first_building Castle |
| 29:19 | [PyV] Guillermo Moreno · first_building Monastery |
| 31:20 | Jinzc_ · first_building Castle |
| 32:38 | csknahmet27 · first_building Siege Workshop |
| 33:10 | JaSquall7189 · first_market_sell 100 food |
| 33:19 | hurricanehoffmann · resign |
| 36:21 | csknahmet27 · first_market_buy 100 stone |
| 36:27 | csknahmet27 · age_up imperial |
| 36:27 | Jinzc_ · first_building Monastery |
| 36:28 | csknahmet27 · first_market_sell 100 food |
| 36:57 | csknahmet27 · first_building Castle |
[ AI ANALYSIS · 1 CREDIT ]
What really happened in this match?
Wolo.gg analyzes every decision: build order, eco, micro, common mistakes by bracket. Personalized analysis on WhatsApp or Discord in 30 seconds.
Civ guide
Magyars
Perfil
Jugador #7229843